 Seeded DCSS version 0.30-a0-377-g5cb311bc9f (webtiles) character file.

Game seed: 20221127 (custom seed)

5584 McGhostyFace the Basher (level 10, 0/79 HPs)
             Began as a Gnoll Wanderer on Nov 27, 2022.
             Was a Follower of Ashenzari.
             Slain by a yak (9 damage)
             ... on level 8 of the Dungeon.
             The game lasted 00:23:03 (9363 turns).

McGhostyFace the Basher (Gnoll Wanderer)            Turns: 9363, Time: 00:23:03

Health: 0/79       AC:  6    Str: 11    XL:     10   Next: 72%
Magic:  2/22       EV: 15    Int: 17    God:    Ashenzari [*.....]
Gold:   520        SH:  0    Dex: 17    Spells: 19/26 levels left

rFire   . . .      SeeInvis .    C - +2 spear (flame)
rCold   . . .      Faith    .    t - orb {light}
rNeg    . . .      Spirit   .    s - +0 robe of Ashenzari's Chagrin {Slay+5 Stlth-, Self, Elem} (curse)
rPois   .          Reflect  .    b - +0 helmet "Bound With Me" {Fort, Elem} (curse)
rElec   .          Harm     .    P - scarf {shadows}
rCorr   .          Rampage  .    n - +0 pair of gloves
Will    .....                    j - +0 pair of boots
Stlth   +.........               (no amulet)
HPRegen 0.33/turn                a - +6 ring of dexterity
MPRegen 0.18/turn                (no ring)

@: glowing
A: fangs 1, strong nose, distributed training
a: Renounce Religion, Shatter the Chains


You were on level 8 of the Dungeon.
You worshipped Ashenzari.
Ashenzari was aware of your devotion.
You visited 2 branches of the dungeon, and saw 9 of its levels.
You also visited: Bailey.

You collected 559 gold pieces.
You spent 39 gold pieces at shops.

Inventory:

Hand Weapons
 y - a +0 whip of freezing
 z - a +2 short sword of electrocution
 C - a +2 spear of flaming (weapon)
 E - a +2 sling of freezing
Missiles
 G - 15 poisoned darts
Armour
 b - the cursed +0 helmet "Bound With Me" (worn) {Fort, Elem}

   It has a curse which improves the following skills: Fortitude: Armour and
   Shields.
   Elements:  Fire Magic, Ice Magic, Air Magic and Earth Magic.
 j - a +0 pair of boots (worn)
 n - a +0 pair of gloves (worn)
 s - the cursed +0 robe of Ashenzari's Chagrin (worn) {Slay+5 Stlth-, Self, Elem}
   (You found it on level 3 of the Dungeon)

   Slay:      It affects your accuracy & damage with ranged weapons and melee
   (+5).
   Stlth:     It makes you less stealthy.
   It has a curse which improves the following skills: Introspection: Fighting
   and Spellcasting.
   Elements:  Fire Magic, Ice Magic, Air Magic and Earth Magic.
 t - an orb of light (worn)
 D - a +2 leather armour of positive energy
 P - a scarf of shadows (worn)
Jewellery
 a - a +6 ring of dexterity (left hand)
 A - an amulet of guardian spirit
 M - a +6 ring of strength
Wands
 c - a wand of quicksilver (20)
 k - a wand of flame (14)
 p - a wand of digging (5)
 x - a wand of polymorph (7)
Scrolls
 d - 2 scrolls of blinking
 h - 6 scrolls of identify
 i - a scroll of fear
 l - 3 scrolls of summoning
 m - a scroll of teleportation
 o - 2 scrolls of enchant weapon
 r - a scroll of brand weapon
 w - a scroll of immolation
 F - 4 scrolls of enchant armour
 J - a scroll of poison
 K - a scroll of vulnerability
Potions
 f - 3 potions of brilliance
 g - 5 potions of curing
 q - 2 potions of attraction
 v - a potion of resistance
 B - a potion of lignification
 H - 2 potions of cancellation
 I - a potion of flight
 L - a potion of mutation
 N - a potion of invisibility


   Skills:
 + Level 6.3(7.2) Fighting
 + Level 5.7 Short Blades
 + Level 5.7 Long Blades
 + Level 5.7 Axes
 + Level 8.8 Maces & Flails
 + Level 5.7 Polearms
 + Level 5.7 Staves
 + Level 5.7 Ranged Weapons
 + Level 5.7 Throwing
 + Level 7.4(8.3) Armour
 + Level 5.7 Dodging
 + Level 7.2 Stealth
 + Level 5.7(6.6) Shields
 + Level 5.7 Unarmed Combat
 + Level 7.7(8.6) Spellcasting
 + Level 4.7 Conjurations
 + Level 4.7 Hexes
 + Level 4.7 Summonings
 + Level 4.7 Necromancy
 + Level 4.7 Translocations
 + Level 4.7 Transmutations
 + Level 4.7(6.0) Fire Magic
 + Level 4.7(6.0) Ice Magic
 + Level 4.7(6.0) Air Magic
 + Level 4.7(6.0) Earth Magic
 + Level 4.7 Poison Magic
 + Level 6.3 Invocations
 + Level 5.7 Evocations


You had 19 spell levels left.
You knew the following spells:

 Your Spells              Type           Power      Damage    Failure   Level
a - Momentum Strike       Conj/Tloc      46%        3d9       1%          2
b - Searing Ray           Conj           46%        2d6       1%          2
c - Kindle Blastsparks    Fire/Tloc/Air  52%        2d14      3%          3

Your spell library contained the following spells:

 Spells                   Type           Power      Damage    Failure   Level
 Magic Dart               Conj           92%        1d7       1%          1
 Sublimation of Blood     Necr           23%        N/A       1%          2
 Wereblood                Tmut           23%        N/A       1%          2
 Ignite Poison            Fire/Tmut/Pois 25%        N/A       3%          3
 Fulminant Prism          Conj/Hex       11%        3d8       14%         4
 Freezing Cloud           Conj/Ice/Air   13%        6-21      26%         5
 Summon Hydra             Summ           11%        N/A       100%        7


Dungeon Overview and Level Annotations

Branches:
Dungeon (8/15)             Temple (1/1) D:6          Bailey (visited)
   Lair: D:8-11

Altars:
Ashenzari
Dithmenos
Elyvilon
Fedhas
Gozag
Kikubaaqudgha
Makhleb
Nemelex Xobeh
Okawaru
Qazlal
Ru
Sif Muna
Trog
Vehumet
Wu Jian
Xom
Yredelemnul
Zin

Shops:
D:2 (=!:


Innate Abilities, Weirdness & Mutations

You have very sharp teeth.
Your uncanny sense of smell can sniff out nearby items.
Your experience applies equally to all skills.


Message History

Press: ? - help, Dir - move target, f/p - yak
Aim: a yak (severely wounded, haloed, about 8% to evade your +2 spear of flaming)
You hit the yak. You burn the yak. You bite the yak, but do no damage.
The yak is severely wounded.
The yak gores you!
* * * LOW HITPOINT WARNING * * *
You hit the yak. You burn the yak.
The yak is almost dead.
The yak gores you.
* * * LOW HITPOINT WARNING * * *
You puncture the yak! You burn the yak.
You kill the yak!
Reach: C) +2 spear (flame)
Press: ? - help, Dir - move target, f - yak
Aim: a yak (haloed, about 8% to evade your +2 spear of flaming)
You reach to attack!
You hit the yak. You burn the yak.
The yak is lightly wounded.
Reach: C) +2 spear (flame)
Press: ? - help, Dir - move target, f/p - yak
Aim: a yak (lightly wounded, haloed, about 8% to evade your +2 spear of flaming)
You puncture the yak! You burn the yak. You bite the yak, but do no damage.
The yak is heavily wounded.
The yak gores you!
* * * LOW HITPOINT WARNING * * *
You feel much better.
You are no longer robbed of momentum.
The yak gores you!
* * * LOW HITPOINT WARNING * * *
You hit the yak. You burn the yak. You bite the yak.
The yak is severely wounded.
You hit the yak but do no damage.
The yak is severely wounded.
The yak gores you!
* * * LOW HITPOINT WARNING * * *
You hit the yak. You burn the yak. You bite the yak.
The yak is severely wounded.
The yak gores you.
* * * LOW HITPOINT WARNING * * *
The yak gores you!
You die...

#...#...............
#...#........)...... .......
#)..##......)#.....# >.......
#...##.......#.....# ......
#....#.......+.....#
#####...######....#.......#.....#
..................#.......#.....#
..8...⌠...8....+###..<....#.....#
..Y.Y.Y.......†Y@##.......#
#####...######.Y.########+#
#......(....##....#
#.<.......<.##....#
#...........##...##
#####...########## ∆ #...# #.<.#
#...#


You could see 2 yaks.

Vanquished Creatures
  A two-headed ogre (D:6)
  Pikel (D:4)
  A troll (D:7)
  Prince Ribbit (D:4)
  2 yaks (D:8)
  A steam dragon (D:6)
  A water moccasin (D:5)
  10 orc warriors
  A sky beast (D:6)
  An ice beast (D:5)
  3 black bears
  12 centaurs
  2 lemures (D:4)
  2 phantoms (D:5)
  2 kobold brigands (D:7)
  3 necrophages
  A scorpion (D:7)
  A bullfrog (D:6)
  Dowan (D:4)
  A jelly (D:6)
  A gnoll bouda (D:4)
  4 hounds (D:5)
  4 orc priests
  Ijyb (D:5)
  5 orc wizards
  6 gnolls
  7 adders
  A shadow imp (D:5)
  3 white imps
  3 ufetubi
  4 worms
  4 dart slugs
  50 orcs
  8 bats
  5 endoplasms
  3 giant cockroaches
  7 goblins
  3 hobgoblins (D:1)
  9 jackals
  3 ball pythons
  2 frilled lizards
  17 kobolds
  4 rats
202 creatures vanquished.

Vanquished Creatures (others)
  An orc warrior (Bailey)
  An ogre (D:4)
  An iguana (D:5)
  2 adders (D:4)
5 creatures vanquished.

Grand Total: 207 creatures vanquished

Notes
Turn   | Place    | Note
-------+----------+-------------------------------------------
     0 | D:1      | McGhostyFace the Gnoll Wanderer began the quest for the
                  | Orb.
     0 | D:1      | McGhostyFace set off with the following items: a +2 mace, a
                  | +0 helmet, a potion of berserk rage, a +0 robe; and the
                  | following spells available to memorise: Momentum Strike,
                  | Searing Ray.
     0 | D:1      | Reached XP level 1. HP: 17/17 MP: 6/6
   199 | D:1      | Reached XP level 2. HP: 23/23 MP: 7/7
   745 | D:2      | Found Jiesavuo's Weapon Boutique.
   749 | D:2      | Reached skill level 5 in Spellcasting
   749 | D:2      | Reached XP level 3. HP: 21/28 MP: 7/9
   887 | D:2      | Reached skill level 1 in Invocations
  1073 | D:2      | Found Tupez's Jewellery Shoppe.
  1073 | D:2      | Found Uralic's Distillery.
  1086 | D:2      | Bought a potion of curing for 39 gold pieces
  1125 | D:2      | Reached skill level 1 in Short Blades
  1125 | D:2      | Reached skill level 1 in Long Blades
  1125 | D:2      | Reached skill level 1 in Axes
  1125 | D:2      | Reached skill level 1 in Polearms
  1125 | D:2      | Reached skill level 1 in Staves
  1125 | D:2      | Reached skill level 1 in Ranged Weapons
  1125 | D:2      | Reached skill level 1 in Throwing
  1125 | D:2      | Reached skill level 1 in Dodging
  1125 | D:2      | Reached skill level 1 in Shields
  1125 | D:2      | Reached skill level 1 in Unarmed Combat
  1125 | D:2      | Reached skill level 1 in Evocations
  1216 | D:2      | Found Mauta's Book Boutique.
  1219 | D:2      | Reached XP level 4. HP: 33/34 MP: 11/11
  1268 | D:2      | Found a burning altar of Makhleb.
  1420 | D:3      | Reached skill level 1 in Conjurations
  1420 | D:3      | Reached skill level 1 in Hexes
  1420 | D:3      | Reached skill level 1 in Summonings
  1420 | D:3      | Reached skill level 1 in Necromancy
  1420 | D:3      | Reached skill level 1 in Translocations
  1420 | D:3      | Reached skill level 1 in Transmutations
  1420 | D:3      | Reached skill level 1 in Fire Magic
  1420 | D:3      | Reached skill level 1 in Ice Magic
  1420 | D:3      | Reached skill level 1 in Air Magic
  1420 | D:3      | Reached skill level 1 in Earth Magic
  1420 | D:3      | Reached skill level 1 in Poison Magic
  1476 | D:3      | Reached XP level 5. HP: 27/40 MP: 12/12
  1683 | D:3      | Identified the +0 robe of Shadows and Fog {Slay+5 Stlth-}
  1700 | D:3      | Learned a level 2 spell: Momentum Strike
  1703 | D:3      | Learned a level 2 spell: Searing Ray
  2234 | D:3      | Reached XP level 6. HP: 31/47 MP: 14/14
  2394 | D:4      | Reached skill level 5 in Armour
  2465 | D:4      | Found a bloodstained altar of Trog.
  2698 | D:4      | Noticed Pikel
  2776 | D:4      | Killed Pikel
  2777 | D:4      | Reached skill level 7 in Maces & Flails
  2777 | D:4      | Reached skill level 5 in Stealth
  2777 | D:4      | Reached XP level 7. HP: 9/53 MP: 15/15
  3071 | D:4      | Noticed Duvessa
  3072 | D:4      | Noticed Dowan
  3094 | D:4      | Duvessa changed into Duvessa the worm
  3094 | D:4      | Noticed Duvessa
  3101 | D:4      | Killed Duvessa the worm
  3107 | D:4      | Killed Dowan
  3987 | D:4      | Reached XP level 8. HP: 60/60 MP: 6/16
  4175 | D:5      | Entered Level 5 of the Dungeon
  4175 | D:5      | Noticed Prince Ribbit
  4201 | D:4      | Killed Prince Ribbit
  4442 | D:5      | Noticed Ijyb
  4455 | D:5      | Killed Ijyb
  4817 | D:5      | Found a white marble altar of Elyvilon.
  4876 | D:5      | Found a stormy altar of Qazlal.
  5345 | D:6      | Reached XP level 9. HP: 66/66 MP: 18/18
  5467 | D:6      | Found an ornate altar of the Wu Jian Council.
  5497 | D:6      | Found a staircase to the Ecumenical Temple.
  5505 | Temple   | Entered the Ecumenical Temple
  5639 | Temple   | Became a worshipper of Ashenzari the Shackled
  5673 | D:6      | Found a glowing silver altar of Zin.
  5674 | D:6      | Noticed a two-headed ogre
  5679 | D:6      | Killed a two-headed ogre
  5680 | D:6      | Reached skill level 5 in Fighting
  5680 | D:6      | Reached skill level 8 in Maces & Flails
  5708 | D:6      | Found a radiant altar of Vehumet.
  5725 | D:6      | Found a sacrificial altar of Ru.
  5770 | D:6      | Reached skill level 5 in Invocations
  5951 | D:6      | Found a blossoming altar of Fedhas.
  6362 | D:7      | Noticed a troll
  6368 | D:7      | Killed a troll
  6777 | D:7      | Reached skill level 5 in Short Blades
  6777 | D:7      | Reached skill level 5 in Long Blades
  6777 | D:7      | Reached skill level 5 in Axes
  6777 | D:7      | Reached skill level 5 in Polearms
  6777 | D:7      | Reached skill level 5 in Staves
  6777 | D:7      | Reached skill level 5 in Ranged Weapons
  6777 | D:7      | Reached skill level 5 in Throwing
  6777 | D:7      | Reached skill level 5 in Dodging
  6777 | D:7      | Reached skill level 5 in Shields
  6777 | D:7      | Reached skill level 5 in Unarmed Combat
  6777 | D:7      | Reached skill level 5 in Evocations
  6777 | D:7      | Reached XP level 10. HP: 76/76 MP: 20/20
  6813 | D:7      | Reached * piety under Ashenzari
  7260 | D:8      | Found a flagged portal.
  7279 | Bailey   | Entered a bailey
  7857 | Bailey   | Learned a level 3 spell: Kindle Blastsparks
  9363 | D:8      | Slain by a yak

Illustrated notes

Levels and vault maps discovered:
D:1:      wander_arrival_peaceful_grave, layout_loops_ring
D:2:      layout_rooms, serial_shops, shop_fountains, nicolae_diamond_shop,
          shop, nicolae_shop_crystal, basic_altar, minmay_crystal_water
D:3:      layout_rooms, nicolae_hexahallways, feat_on_display
D:4:      layout_cave_pods, lemuel_doored_altar,
          amcnicky_mini_rare_corridor_liquid, uniq_duvessa, uniq_pikel
D:5:      layout_loops_ring, nicolae_qazlal_eye_of_the_storm, elyvilon_altar_1,
          kennysheep_cluttered_room, uniq_prince_ribbit1, uniq_ijyb
D:6:      layout_cave_pools, mainiacjoe_overflow_large_starburst,
          mainiacjoe_overflow_six_doors_small, mainiacjoe_overflow_brackets,
          mainiacjoe_overflow_catwalk, minmay_temple_entry_drinking_statues
D:7:      layout_basic, grunt_ministairs_15
D:8:      layout_gridville, mainiacjoe_overflow_alcove_4,
          hellmonk_lair_entry_icy, enter_bailey_5, serial_shops,
          nicolae_shop_hallway_plus, nicolae_elevator_lobby_plus
Temple:   zaba_magenta_temple

Skill      XL: |  1  2  3  4  5  6  7  8  9 10 |
---------------+-------------------------------+-----
Spellcasting   | 5 6 7 |  7.7
Invocations    | 1 2 3 4 5 6 |  6.3
Short Blades   | 1 2 3 5 |  5.7
Long Blades    | 1 2 3 5 |  5.7
Axes           | 1 2 3 5 |  5.7
Polearms       | 1 2 3 5 |  5.7
Staves         | 1 2 3 5 |  5.7
Ranged Weapons | 1 2 3 5 |  5.7
Throwing       | 1 2 3 5 |  5.7
Dodging        | 1 2 3 5 |  5.7
Shields        | 1 2 3 5 |  5.7
Unarmed Combat | 1 2 3 5 |  5.7
Evocations     | 1 2 3 5 |  5.7
Conjurations   | 1 2 3 4 |  4.7
Hexes          | 1 2 3 4 |  4.7
Summonings     | 1 2 3 4 |  4.7
Necromancy     | 1 2 3 4 |  4.7
Translocations | 1 2 3 4 |  4.7
Transmutations | 1 2 3 4 |  4.7
Fire Magic     | 1 2 3 4 |  4.7
Ice Magic      | 1 2 3 4 |  4.7
Air Magic      | 1 2 3 4 |  4.7
Earth Magic    | 1 2 3 4 |  4.7
Poison Magic   | 1 2 3 4 |  4.7
Fighting       | 3 4 5 6 |  6.3
Armour         | 5 6 7 |  7.4
Maces & Flails | 7 8 |  8.8
Stealth        | 5 6 7 |  7.2

Action                   |  1- 3 |  4- 6 |  7- 9 | 10-12 || total
-------------------------+-------+-------+-------+-------++-------
Melee: Mace              |    79 |   142 |    10 |       ||   231
       Punch             |     1 |     2 |       |       ||     3
       Bite              |     4 |     9 |     9 |     4 ||    26
       Short sword       |       |       |    54 |       ||    54
       Spear             |       |       |       |     8 ||     8
 Fire: Sling             |       |       |   138 |   206 ||   344
 Cast: Momentum Strike   |       |       |     9 |     3 ||    12
       Searing Ray       |       |       |     4 |     2 ||     6
       Kindle Blastspark |       |       |       |     6 ||     6
Invok: Curse Item        |       |       |     1 |     1 ||     2
Evoke: Wand              |       |       |     2 |     5 ||     7
  Use: Potion            |       |     2 |       |     1 ||     3
 Stab: Sleeping          |     5 |       |       |       ||     5
Armor: Ring mail         |    29 |    37 |       |       ||    66
       Robe              |     2 |    20 |    28 |     9 ||    59
Dodge: Dodged            |    35 |    88 |    89 |    72 ||   284

Table legend: (Time is in decaauts)
 A = Elapsed time spent in this place.
 B = Non-inter-level travel time spent in this place.
 C = Inter-level travel time spent in this place.
 D = Time resting spent in this place.
 E = Time spent auto-exploring this place.
 F = Levels seen in this place.
 G = Mean time per level.
                   A        B        C        D        E       F      G
               +--------+--------+--------+--------+--------+-----+--------+
         Total |   9444 |   9294 |    150 |   2493 |   4708 |  10 |  944.4 |
       Dungeon |   7414 |   7264 |    150 |   1540 |   4158 |   8 |  926.8 |
        Temple |    154 |    154 |      0 |      0 |     50 |   1 |  154.0 |
        Bailey |   1875 |   1875 |      0 |    953 |    499 |   1 | 1875.0 |
               +--------+--------+--------+--------+--------+-----+--------+

Top non-repeatable levels by time:
  Bailey: 1875 daAuts
     D:4: 1846 daAuts
     D:5: 1123 daAuts
     D:7: 1093 daAuts
     D:3: 1033 daAuts
     D:1: 848 daAuts
     D:2: 615 daAuts
     D:6: 578 daAuts
     D:8: 274 daAuts
  Temple: 154 daAuts
